 Dungeon Crawl Stone Soup version 0.25-a0-731-g0472a16 (webtiles) character file.

Game seed: 12280450073060051189, levelgen mode: deterministic

1610 Atlas the Chiller (level 8, -3/61 HPs)
             Began as a Green Draconian Ice Elementalist on Apr 9, 2020.
             Slain by Duvessa
             ... wielding a +0 short sword
              (11 damage)
             ... on level 6 of the Dungeon.
             The game lasted 00:08:58 (6847 turns).

Atlas the Chiller (DrIE)                            Turns: 6847, Time: 00:08:58

Health: -3/61      AC:  8    Str: 15    XL:     8   Next: 63%
Magic:  8/16       EV: 13    Int: 17    God:
Gold:   163        SH:  0    Dex: 11    Spells: 7/18 levels left

rFire    . . .     SeeInvis .   A - +9 mace of the Purse {venom, rPois Str+3}
rCold    . . .     Gourm    .   (no shield)
rNeg     + . .     Faith    .   (armour unavailable)
rPois    +         Spirit   .   (helmet restricted)
rElec    .         Reflect  .   (no cloak)
rCorr    .         Harm     .   u - +1 pair of gloves
MR       .....                  (no boots)
Stlth    ++........             (no amulet)
HPRegen  0.20/turn              v - ring of flight
MPRegen  0.15/turn              w - ring of positive energy

@: short of breath, lightly drained
A: breathe noxious fumes, unfitting armour, poison resistance, cold-blooded, AC
+6
a: Breathe Noxious Fumes, Evoke Flight


You were on level 6 of the Dungeon.
You were not hungry.

You visited 1 branch of the dungeon, and saw 6 of its levels.

You collected 163 gold pieces.

Inventory:

Hand Weapons
 A - the +9 mace of the Purse (weapon) {venom, rPois Str+3}
   (You found it on level 5 of the Dungeon)

   It poisons the flesh of those it strikes.
   It affects your strength (+3).
   It protects you from poison.
Armour
 u - a +1 pair of gloves (worn)
Jewellery
 v - a ring of flight (left hand)
 w - a ring of positive energy (right hand)
Wands
 h - a wand of flame (42)
Scrolls
 a - 3 scrolls of enchant armour {unknown}
 e - 4 scrolls of magic mapping {unknown}
 f - 3 scrolls of enchant weapon {unknown}
 i - 3 scrolls of identify {unknown}
 j - 2 scrolls of fear {unknown}
 k - 3 scrolls of remove curse {unknown}
 l - a scroll of immolation {unknown}
 q - a scroll of teleportation {unknown}
 y - a scroll of fog {unknown}
 z - a scroll of noise {unknown}
Potions
 c - a potion of heal wounds {unknown}
 d - a potion of cancellation
 g - 2 potions of mutation {unknown}
 m - a potion of brilliance {unknown}
 n - a potion of stabbing {unknown}
 o - 3 potions of curing {unknown}
 p - 2 potions of berserk rage {unknown}
 r - a potion of magic {unknown}
 s - a potion of might {unknown}
 x - 2 potions of invisibility {unknown}
Comestibles
 b - 8 rations
 t - 4 chunks of flesh


   Skills:
 + Level 2.0(1.7) Fighting
 + Level 1.5(1.2) Maces & Flails
   Level 3.2(2.9) Polearms
 + Level 3.6(3.3) Dodging
 + Level 4.1(3.8) Stealth
 + Level 1.2(0.9) Unarmed Combat
 + Level 5.7(5.4) Spellcasting
 + Level 7.1(6.7) Ice Magic


You had 7 spell levels left.
You knew the following spells:

 Your Spells              Type           Power        Failure   Level  Hunger
a - Freeze                Ice            ####         1%          1    None
b - Frozen Ramparts       Ice            ####..       2%          3    ##.....
c - Ozocubu's Armour      Chrm/Ice       ###.....     11%         3    ##.....
d - Summon Ice Beast      Ice/Summ       ###.....     34%         4    ####...

Your spell library contained the following spells:

 Spells                   Type           Power        Failure   Level  Hunger
 Hailstorm                Conj/Ice       ###.....     34%         4    ####...


Dungeon Overview and Level Annotations

Branches:
Dungeon (6/15)
 Temple: D:4-7

Altars:
Nemelex Xobeh
Qazlal
Sif Muna
Xom

Annotations:
D:6 Duvessa


Innate Abilities, Weirdness & Mutations

You can breathe blasts of noxious fumes.
Your lurid green scales are hard. (AC +6)
You cannot fit into any form of body armour.
Your system is resistant to poisons. (rPois)
You are cold-blooded and may be slowed by cold attacks.


Message History

You are too injured to fight recklessly!
Unknown command.
It was a potion of cancellation.
Your magical effects are unravelling.
You feel magically purged.
Your magical contamination has completely faded away.
Your icy armour evaporates.
Duvessa hits you with a +0 short sword!
* * * LOW HITPOINT WARNING * * *
A sky beast appears from thin air!
Reactivating autopickup.
The sky beast closely misses you.
Press: ? - help, Shift-Dir - straight line, f - Duvessa
Aim: Duvessa, wielding a +0 short sword and wearing a +0 ring mail (heavily wounded, berserk, fast, unusually strong)
You exhale a blast of noxious fumes.
The blast of choking fumes hits Duvessa.
Duvessa is severely wounded.
You feel somewhat more hungry.
Duvessa is engulfed in noxious fumes.
Duvessa hits you with a +0 short sword!
You die...

... #.## #...
#..# #..#
#..######
########Ye#.....
#.......@...#
#......)....#
#...........#
#...........#
#...........#
#...........#
#...........#
###########.#
#.#


You could see Duvessa (berserk) and a sky beast.

Vanquished Creatures
  Pikel (D:5)
  A slave (D:5)
  A sky beast (D:5)
  3 ogres
  A bullfrog (D:6)
  A scorpion (D:4)
  Dowan (D:6)
  A howler monkey (D:5)
  A jelly (D:6)
  3 orc priests
  A hound (D:4)
  An iguana (D:5)
  Terence (D:2)
  3 orc wizards
  4 worker ants
  A worker ant zombie (D:5)
  4 gnolls (D:4)
  A howler monkey skeleton (D:4)
  7 adders
  An adder skeleton (D:4)
  6 worms
  A dart slug (D:3)
  6 leopard geckos
  13 orcs
  7 giant cockroaches
  7 goblins
  2 hobgoblins
  9 jackals (D:4)
  A ball python (D:3)
  7 bats
  2 frilled lizards
  10 kobolds
  5 rats
114 creatures vanquished.

Notes
Turn   | Place    | Note
-------+----------+-------------------------------------------
     0 | D:1      | Atlas the Draconian Ice Elementalist began the quest for
                  | the Orb.
     0 | D:1      | Reached XP level 1. HP: 14/14 MP: 3/3
   715 | D:1      | Reached XP level 2. HP: 20/20 MP: 3/5
  1463 | D:1      | Reached XP level 3. HP: 26/26 MP: 4/6
  1949 | D:2      | Noticed Terence
  1959 | D:2      | Killed Terence
  2041 | D:2      | Learned a level 3 spell: Frozen Ramparts
  2045 | D:2      | Learned a level 3 spell: Ozocubu's Armour
  2130 | D:2      | Reached XP level 4. HP: 33/33 MP: 3/8
  2538 | D:2      | Found a shimmering blue altar of Sif Muna.
  2588 | D:3      | Found a shimmering altar of Xom.
  2707 | D:3      | Reached skill level 5 in Ice Magic
  2843 | D:3      | Reached XP level 5. HP: 31/38 MP: 0/9
  4082 | D:4      | Reached XP level 6. HP: 45/45 MP: 4/12
  4249 | D:4      | Learned a level 4 spell: Summon Ice Beast
  4606 | D:4      | Reached skill level 6 in Ice Magic
  4809 | D:4      | Reached skill level 1 in Unarmed Combat
  5332 | D:5      | Entered Level 5 of the Dungeon
  5356 | D:5      | Found a sparkling altar of Nemelex Xobeh.
  5379 | D:5      | Your scales start taking on a lurid green colour.
  5379 | D:5      | Reached XP level 7. HP: 46/50 MP: 9/13
  5379 | D:5      | Gained mutation: Your system is resistant to poisons.
                  | (rPois) [Green Draconian growth]
  6030 | D:5      | Reached skill level 5 in Spellcasting
  6040 | D:5      | Reached skill level 1 in Fighting
  6040 | D:5      | Reached skill level 1 in Polearms
  6113 | D:5      | Noticed Pikel
  6121 | D:5      | Killed Pikel
  6121 | D:5      | Reached XP level 8. HP: 44/59 MP: 11/16
  6276 | D:5      | Found a stormy altar of Qazlal.
  6498 | D:5      | Got an encrusted mace
  6499 | D:5      | Identified the +9 mace of the Purse {venom, rPois Str+3}
                  | (You found it on level 5 of the Dungeon)
  6663 | D:6      | Reached skill level 7 in Ice Magic
  6834 | D:6      | Noticed Dowan
  6835 | D:6      | Noticed Duvessa
  6845 | D:6      | Killed Dowan
  6845 | D:6      | Reached skill level 1 in Maces & Flails
  6847 | D:6      | Slain by Duvessa

Levels and vault maps discovered:
D:1:      zaba_arrival_water, layout_loops_corners, minmay_misc_feat_doors
D:2:      layout_basic, lemuel_doored_altar, first_ration, uniq_terence
D:3:      layout_basic, xom_teletrap_fun, minmay_quantized
D:4:      layout_loops_ring
D:5:      layout_basic, lemuel_crystal_altar, nemelex_xobeh_ov_fountains_minmay,
          uniq_pikel
D:6:      layout_basic, cheibriados_altar_1, old_standard_altar,
          nicolae_ru_sacrificial_ziggurat, uniq_maggie, uniq_duvessa

Skill      XL: |  1  2  3  4  5  6  7  8 |
---------------+-------------------------+-----
Dodging        | 2 3 |  3.6
Stealth        | 2 3 4 |  4.1
Spellcasting   | 3 4 5 |  5.7
Ice Magic      | 5 6 7 |  7.1
Unarmed Combat | 1 |  1.2
Fighting       | 1 2 |  2.0
Polearms       | 2 3 |  3.2
Maces & Flails | 1 |  1.5

Action                   |  1- 3 |  4- 6 |  7- 9 || total
-------------------------+-------+-------+-------++-------
Melee: Unarmed           |    34 |    49 |       ||    83
       Tailslap          |     2 |     8 |    17 ||    27
       Spear             |       |     8 |    78 ||    86
       Mace              |       |       |    21 ||    21
 Cast: Freeze            |    43 |    97 |       ||   140
       Frozen Ramparts   |       |     5 |     4 ||     9
       Ozocubu's Armour  |       |       |     1 ||     1
 Abil: Breathe Noxious F |       |       |     2 ||     2
  Use: Potion            |       |       |     1 ||     1
 Stab: Sleeping          |       |     2 |     2 ||     4
  Eat: Chunk             |     4 |    10 |     6 ||    20
Armor: Skin              |    17 |    41 |    39 ||    97
Dodge: Dodged            |    48 |    70 |    45 ||   163

Table legend:
 A = Non-vault XP
 B = Vault XP
 C = Vault XP percentage of total XP
 D = Non-vault monster count
 E = Vault monster count
 F = Vault count percentage of total count
                 A         B        C        D         E       F
            +---------+---------+-------+---------+---------+-------
      Total |    1551 |     749 |  32.6 |     107 |       6 |   5.3
            +---------+---------+-------+---------+---------+-------
        D:1 |      41 |       0 |   0.0 |      26 |       0 |   0.0
        D:2 |      40 |      36 |  47.4 |       9 |       1 |  10.0
        D:3 |     135 |       5 |   3.6 |      22 |       3 |  12.0
        D:4 |     471 |       0 |   0.0 |      26 |       0 |   0.0
        D:5 |     560 |     641 |  53.4 |      17 |       1 |   5.6
        D:6 |     304 |      67 |  18.1 |       7 |       1 |  12.5
            +---------+---------+-------+---------+---------+-------
